 Dungeon Crawl Stone Soup version 0.29-a0-885-gb26ba3297d (webtiles) character file.

Game seed: 13264944886689263059

623277 frimble the Warrior (level 26, -7/215 HPs)
             Began as a Demonspawn Hedge Wizard on July 21, 2022.
             Was the Champion of Cheibriados.
             Mangled by a bennu (20 damage)
             ... on level 3 of the Tomb of the Ancients.
             The game lasted 01:56:17 (51254 turns).

frimble the Warrior (Demonspawn Hedge Wizard)      Turns: 51254, Time: 01:56:18

Health: -7/215     AC: 22    Str: 25    XL:     26   Next: 57%
Magic:  11/33      EV: 20    Int: 37    God:    Cheibriados [******]
Gold:   6661       SH: 30    Dex: 36    Spells: 24/55 levels left

rFire   + + +      SeeInvis +   a - +9 broad axe (vamp)
rCold   + + +      Faith    .   n - +3 kite shield {AC+3}
rNeg    + + +      Spirit   .   c - +4 troll leather armour
rPois   ∞          Reflect  .   P - +0 helmet "Pabamib" {rC+ rN+ Regen+ MP-9}
rElec   +          Harm     .   X - +1 cloak {Will+}
rCorr   +          Rampage  .   (gloves unavailable)
Will    +++++                   e - +1 pair of boots of the Great Game {+Inv rF+}
Stlth   +++.......              y - amulet of magic regeneration
HPRegen 10.05/turn              s - ring of Usmapowi {Fly rF+ rC+++ rCorr Int-2}
MPRegen 0.63/turn               b - ring "Udottode" {rN+ Will+ Dex+4}

@: lich-form, flying, very slightly contaminated, slowed, studying 3 skills,
very slow
A: draining attack, torment immunity, no potions, large bone plates 3, ignite
blood 3, powered by death 3, augmentation 3, demonic touch 3, talons 1, see
invisible, fire resistance 1, strong-willed 1, electricity resistance
}: 4/15 runes: decaying, serpentine, slimy, silver
a: End Transformation, Renounce Religion, Evoke Invisibility, Bend Time,
Temporal Distortion, Slouch, Step From Time


You were on level 3 of the Tomb of the Ancients.
You worshipped Cheibriados.
Cheibriados was exalted by your worship.
You were an undead lich.
You visited 12 branches of the dungeon, and saw 54 of its levels.
You also visited: Trove, Ice Cave and Wizlab.

You collected 10786 gold pieces.
You spent 4125 gold pieces at shops.

Inventory:

Hand Weapons
 a - a +9 vampiric broad axe (weapon)
Missiles
 v - 3 silver javelins
 K - 4 throwing nets
Armour
 c - a +4 troll leather armour (worn)
 e - the +1 pair of boots of the Great Game (worn) {+Inv rF+}
   (You found it on level 5 of the Lair of Beasts)

   rF:        It protects you from fire.
   +Inv:      It lets you turn invisible.
 n - a +3 kite shield of protection (worn)
 C - a +0 helmet of intelligence
 P - the +0 helmet "Pabamib" (worn) {rC+ rN+ Regen+ MP-9}
   (You found it on level 8 of the Dungeon)

   rC:        It protects you from cold.
   rN:        It protects you from negative energy.
   MP:        It affects your magic capacity (-9).
   Regen:     It increases your rate of health regeneration.
 X - a +1 cloak of willpower (worn)
Jewellery
 b - the ring "Udottode" (right hand) {rN+ Will+ Dex+4}
   (You found it on level 3 of the Snake Pit)

   [ring of positive energy]

   Dex:       It affects your dexterity (+4).
   rN:        It protects you from negative energy.
   Will:      It increases your willpower.
 s - the ring of Usmapowi (left hand) {Fly rF+ rC+++ rCorr Int-2}
   (You bought it in a shop on level 1 of the Depths)

   [ring of flight]

   Int:       It affects your intelligence (-2).
   rF:        It protects you from fire.
   rC:        It renders you almost immune to cold.
   Fly:       It grants you flight.
   rCorr:     It protects you from acid and corrosion.
 y - an amulet of magic regeneration (around neck)
 A - the macabre finger necklace {rN+}
   (You found it in a wizard's laboratory)

   [amulet of nothing]

   It enables you to equip an extra ring.
   rN:        It protects you from negative energy.
 F - a +6 ring of intelligence
 G - the ring of Luros {rPois SInv}
   (You found it on level 5 of the Pits of Slime)

   [ring of poison resistance]

   rPois:     It protects you from poison.
   SInv:      It lets you see invisible.
 M - a ring of protection from fire
 N - the dreamshard necklace {*Dream Drain}
   (You found it in a treasure trove)

   [amulet of nothing]

   It shatters if its wearer takes lethal or near-lethal damage, preventing the
   blow and releasing protective dreams that heal and fight for the wearer.
   Drain:     It drains your maximum health when unequipped.
 U - the ring "Reeseick" {Fly Int+3}
   (You took it off a tengu reaver on level 5 of the Vaults)

   [ring of flight]

   Int:       It affects your intelligence (+3).
   Fly:       It grants you flight.
Wands
 p - a wand of flame (89)
 r - a wand of digging (18)
 w - a wand of charming (55)
 x - a wand of acid (25)
 E - a wand of polymorph (13)
 O - a wand of mindburst (5)
 Y - a wand of roots (38)
Scrolls
 i - 10 scrolls of fear
 j - 24 scrolls of teleportation
 k - 4 scrolls of enchant armour
 m - 9 scrolls of butterflies
 t - 2 scrolls of enchant weapon
 z - 5 scrolls of blinking
 B - 15 scrolls of magic mapping
 W - 8 scrolls of amnesia
 Z - 8 scrolls of immolation
Potions
 d - 4 potions of magic
 f - 13 potions of mutation
 g - 8 potions of brilliance
 h - 2 potions of resistance
 l - 27 potions of curing
 o - 15 potions of heal wounds
 q - 11 potions of might
 u - 14 potions of attraction
 D - 9 potions of flight
 I - 5 potions of lignification
 J - 8 potions of haste
 Q - 5 potions of invisibility
 R - 3 potions of ambrosia
 S - 3 potions of cancellation
 V - 3 potions of berserk rage
Miscellaneous
 H - a condenser vane (inert)
 T - a tin of tremorstones (2/2)


   Skills:
 - Level 19.1 Fighting
 - Level 3.8 Short Blades
 - Level 17.5(18.0) Axes
 - Level 6.7(13.2) Maces & Flails
 - Level 7.0 Dodging
 - Level 3.0 Stealth
 - Level 17.2 Shields
 - Level 7.1 Unarmed Combat
 - Level 15.0 Spellcasting
 - Level 2.4 Conjurations
 - Level 1.0 Summonings
 - Level 18.1 Necromancy
 - Level 5.2 Translocations
 - Level 15.0 Transmutations
 + Level 14.3 Fire Magic
 - Level 8.0 Earth Magic
 - Level 11.7 Invocations
 - Level 2.3 Evocations


You had 24 spell levels left.
You knew the following spells:

 Your Spells              Type           Power      Damage    Failure   Level
a - Magic Dart            Conj           100%       1d8       1%          1
b - Blink                 Tloc           100%       N/A       1%          2
c - Borgnjor's Vile Clut  Necr/Erth      56%        N/A       1%          5
d - Apportation           Tloc           100%       N/A       1%          1
e - Statue Form           Tmut/Erth      56%        N/A       3%          6
f - Necromutation         Tmut/Necr      61%        N/A       17%         8
g - Ignition              Fire           46%        3d13      41%         8

Your spell library contained the following spells:

 Spells                   Type           Power      Damage    Failure   Level
 Beastly Appendage        Tmut           100%       N/A       0%          1
 Necrotise                Necr           100%       1d9       0%          1
 Scorch                   Fire           100%       2d10      0%          2
 Sublimation of Blood     Necr           100%       N/A       0%          2
 Wereblood                Tmut           95%        N/A       0%          2
 Vampiric Draining        Necr           100%       2d13      0%          3
 Animate Dead             Necr           100%       N/A       0%          4
 Dispel Undead            Necr           100%       3d31      0%          4
 Shock                    Conj/Air       100%       1d9       1%          1
 Summon Small Mammal      Summ           100%       N/A       1%          1
 Searing Ray              Conj           90%        2d7       1%          2
 Conjure Flame            Conj/Fire      74%        6-21      1%          3
 Ignite Poison            Fire/Tmut/Pois 79%        N/A       1%          3
 Inner Flame              Hex/Fire       69%        N/A       1%          3
 Lesser Beckoning         Tloc           60%        N/A       1%          3
 Spider Form              Tmut/Pois      70%        N/A       1%          3
 Stone Arrow              Conj/Erth      100%       3d13      1%          3
 Anguish                  Hex/Necr       48%        N/A       1%          4
 Corpse Rot               Necr/Pois/Air  83%        N/A       1%          4
 Flame Wave               Conj/Fire      74%        2d13      1%          4
 Ice Form                 Ice/Tmut       70%        N/A       1%          4
 Petrify                  Tmut/Erth      85%        N/A       1%          4
 Sticky Flame             Conj/Fire      74%        2d9       1%          4
 Blade Hands              Tmut           47%        N/A       1%          5
 Irradiate                Conj/Tmut      37%        3d24      1%          5
 Death Channel            Necr           63%        N/A       1%          6
 Freeze                   Ice            100%       1d11      2%          1
 Slow                     Hex            100%       N/A       2%          1
 Call Imp                 Summ           35%        N/A       2%          2
 Static Discharge         Conj/Air       36%        3-8/arc   2%          2
 Portal Projectile        Hex/Tloc       94%        N/A       2%          3
 Passage of Golubria      Tloc           60%        N/A       2%          4
 Lee's Rapid Deconstruct  Erth           36%        3d19*     2%          5
 Poisonous Vapours        Pois/Air       54%        N/A       3%          2
 Animate Armour           Summ/Erth      100%       N/A       3%          4
 Alistair's Intoxication  Tmut/Pois      46%        N/A       3%          5
 Yara's Violent Unravell  Hex/Tmut       35%        3d14      3%          5
 Call Canine Familiar     Summ           35%        N/A       4%          3
 Dazzling Flash           Conj/Hex       72%        N/A       4%          3
 Mephitic Cloud           Conj/Pois/Air  33%        N/A       4%          3
 Iskenderun's Mystic Bla  Conj/Tloc      54%        2d12      4%          4
 Leda's Liquefaction      Hex/Erth       27%        N/A       4%          4
 Dragon Form              Tmut           47%        N/A       4%          7
 Summon Guardian Golem    Hex/Summ       31%        N/A       5%          3
 Confusing Touch          Hex            27%        N/A       7%          3
 Frozen Ramparts          Ice            54%        1d7       7%          3
 Swiftness                Air            27%        N/A       7%          3
 Tukima's Dance           Hex            27%        N/A       7%          3
 Manifold Assault         Tloc           60%        N/A       8%          5
 Simulacrum               Ice/Necr       48%        N/A       9%          6
 Borgnjor's Revivificati  Necr           63%        N/A       9%          8
 Infestation              Necr           63%        N/A       9%          8
 Starburst                Conj/Fire      37%        6d11      12%         6
 Fulminant Prism          Conj/Hex       18%        3d11      14%         4
 Hailstorm                Conj/Ice       36%        3d9       14%         4
 Eringya's Noxious Bog    Tmut/Pois      35%        N/A       16%         6
 Summon Ice Beast         Ice/Summ       31%        N/A       19%         4
 Summon Lightning Spire   Summ/Air       31%        N/A       19%         4
 Summon Forest            Summ/Tloc      25%        N/A       19%         5
 Airstrike                Air            13%        0-5+      22%         4
 Cause Fear               Hex            13%        N/A       22%         4
 Olgreb's Toxic Radiance  Pois           27%        N/A       22%         4
 Iskenderun's Battlesphe  Conj           45%        2d10      24%         5
 Lightning Bolt           Conj/Air       18%        1d32      36%         5
 Haunt                    Necr/Summ      49%        N/A       36%         7
 Dispersal                Tloc           30%        N/A       38%         6
 Iron Shot                Conj/Erth      30%        9d6       38%         6
 Freezing Cloud           Conj/Ice/Air   16%        6-21      43%         5
 Summon Mana Viper        Hex/Summ       31%        N/A       45%         5
 Silence                  Hex/Air        13%        N/A       54%         5
 Death's Door             Necr           63%        N/A       80%         9
 Summon Cactus Giant      Summ           17%        N/A       93%         6
 Malign Gateway           Summ/Tloc      25%        N/A       99%         7
 Enfeeble                 Hex            13%        N/A       100%        7
 Orb of Destruction       Conj           22%        9d8       100%        7
 Ozocubu's Refrigeration  Ice            13%        4d7       100%        7
 Spellforged Servitor     Conj/Summ      20%        N/A       100%        7
 Summon Hydra             Summ           17%        N/A       100%        7
 Discord                  Hex            13%        N/A       100%        8
 Disjunction              Tloc           30%        N/A       100%        8
 Lehudib's Crystal Spear  Conj/Erth      30%        10d8      100%        8
 Summon Horrible Things   Summ           17%        N/A       100%        8
 Dragon's Call            Summ           17%        N/A       100%        9
 Polar Vortex             Ice            13%        N/A       100%        9


Dungeon Overview and Level Annotations

Branches:
Dungeon (15/15)            Temple (1/1) D:4            Lair (5/5) D:8
  Swamp (4/4) Lair:3        Snake (4/4) Lair:2        Slime (5/5) Lair:4
    Orc (2/2) D:11            Elf (3/3) Orc:2        Vaults (5/5) D:14
  Crypt (3/3) Vaults:3       Tomb (3/3) Crypt:3      Depths (4/4) D:15
    Zot (0/5) Depths:4      IceCv (visited)          WizLab (visited)

Altars:
Ashenzari
Cheibriados
Dithmenos
Fedhas
Gozag
Hepliaklqana
Kikubaaqudgha
Makhleb
Nemelex Xobeh
Okawaru
Qazlal
Ru
Sif Muna
Trog
Uskayaw
Vehumet
Wu Jian
Xom
Yredelemnul

Shops:
D:2 [   D:14 !   Orc:2 (**([:   Elf:2 *?(   Elf:3 *[   Snake:3 *=::
Vaults:1 [   Vaults:4 [   Vaults:5 (   Depths:1 *   Depths:2 (   Depths:3 ?

Portals:
Hell: Depths:1 Depths:2 Depths:3 Depths:4
Abyss: Depths:2 Depths:3
Pandemonium: Depths:2
Ziggurat: Depths:3

Annotations:
D:15 exclusion: statue
Orc:2 3 runed translucent doors, exclusion: obsidian statue, Zonian's ghost, journeyman DsIE
Elf:1 6 runed translucent doors
Elf:2 3 runed translucent doors


Innate Abilities, Weirdness & Mutations

You are an undead lich.
Your unarmed attacks are suffused with negative energy.
You are immune to unholy pain and torment.
Your necromantic spells are more powerful.
You cannot drink.
You are immune to poison.
You are completely covered in large bone plates. (SH +8)
Your demonic aura causes all spilled blood to erupt in flames.
You regenerate a lot of health from kills.
Your magical and physical power is greatly enhanced at high health.
Your touch may irresistibly damage your foes and sap their willpower.
You have sharp toenails.
You have supernaturally acute eyesight. (SInv)
Your flesh is heat resistant. (rF+)
You are strong-willed. (Will+)
You are resistant to electric shocks. (rElec)


Message History

You barely miss the bennu. You slash the bennu!
You block the bennu's attack. x2
The bennu closely misses you. The bennu barely misses you. x2
The bennu misses you. x2; The bennu completely misses you.
The bennu barely misses you.
The bennu jubilantly flits about.
The bennu completely misses you. The bennu claws you but does no damage.
You block the bennu's attack. The bennu pecks you!
* * * LOW HITPOINT WARNING * * *
The bennu sears you!!
* * * LOW HITPOINT WARNING * * *
The bennu claws you!
* * * LOW HITPOINT WARNING * * *
The bennu claws you but does no damage.
Your flying skull hits the skeletal warrior. x2
Your flying skull completely misses the bennu.
Your flying skull hits the skeletal warrior.
Your butterfly is engulfed in poison gas.
Your butterfly is poisoned.
You kill your butterfly!
Your butterfly disappears in a puff of smoke!
The skeletal warrior hits your flying skull with a +2 vorpal flail.
The royal mummy hits your flying skull!!
Your flying skull is destroyed!
Your flying skull dissolves into shadows!
The bennu barely misses you. The bennu claws you.
* * * LOW HITPOINT WARNING * * *
The bennu claws you but does no damage.
Your guardian mummy hits the bennu!
You cannot drink potions in your current state!
You fail to use your ability.
The bennu completely misses you. The bennu barely misses you.
The bennu completely misses you. You block the bennu's attack.
The bennu claws you but does no damage. The bennu completely misses you.
Your flying skull barely misses the bennu.
Your flying skull hits the skeletal warrior but does no damage. x2
You block the bennu's attack. The bennu misses you. The bennu claws you.
* * * LOW HITPOINT WARNING * * *
The bennu pecks you!
* * * LOW HITPOINT WARNING * * *
The bennu sears you!!
You die...

******* ######## ****** **,,,,,**
#..ZzbL# **,,,,**
*,,,,,,,**#..zzbb#**,,,,,,**
,,,,,,,,,*#...Mzz#*,,,,,,,,**
,,,,,,,,,*#.b.§z§#*,,,,,,,,,**
,,,,,,,,,,#..^.○M#,,,^,,,,,,,**
,,,,,,,,,^#....§§#,,^,,,,,,,,,**
,,,,,,,,,,+...).z+,,,,,,,,,,,,,**
,,,,,,,,,,#...)..#,,^,,,,,,,,,,,*
,,,,,,,,,,#..)...#,,,,,,,,,,,,,,*


You could see a royal mummy, 3 bennus, 2 skeletal warriors, a friendly guardian
mummy (summoned), 5 friendly flying skulls and a friendly dire elephant skeleton
(summoned).

Vanquished Creatures
  the Royal Jelly (Slime:5)
  An ancient lich (Vaults:5)
  Sojobo (Crypt:3)
  20 royal mummies
  Saint Roka (Snake:4)
  Vashnia (Snake:4)
  4 golden dragons
  Nikola (Vaults:2)
  The ghost of Kucw the Warrior, an adept GrFi of Cheibriados (Crypt:1)
  A tentacled monstrosity (Vaults:5)
  Jorgrun (D:12)
  A quicksilver dragon (Vaults:5)
  Asterion (Depths:1)
  4 titans (Vaults:5)
  A shard shrike skeleton (Crypt:3)
  A deep elf master archer (Elf:3)
  9 liches
  3 deep elf blademasters (Elf:3)
  19 acid blobs
  6 ancient champions
  14 sphinxes
  12 tengu reavers
  5 shadow dragons
  10 rockslimes
  6 storm dragons
  8 revenants
  An iron dragon (Vaults:5)
  7 azure jellies
  9 fire giants
  4 orc warlords
  3 deep elf sorcerers (Elf:3)
  A caustic shrike zombie (WizLab)
  4 nagarajas
  8 frost giants
  6 spectral caustic shrikes
  Aizul (Snake:4)
  12 vault wardens
  2 draconian stormcallers (Depths:4)
  2 curse skulls
  4 spriggan defenders
  14 ironbound preservers
  4 deep elf elementalists
  9 ghouls
  3 reapers
  8 ironbound thunderhulks
  11 stone giants
  6 bennus
  8 deep elf demonologists
  5 vampire knights
  An elemental wellspring (Depths:2)
  13 quicksilver oozes
  37 very ugly things
  6 bunyips
  8 war gargoyles
  A green draconian (Depths:4)
  8 eleionomae
  5 halazid warlocks (WizLab)
  3 entropy weavers
  A white draconian (Depths:4)
  11 deep elf annihilators
  A yellow draconian (Depths:4)
  2 black draconians (Depths:4)
  6 deep elf death magi
  3 dire elephants (Vaults:2)
  A purple draconian (Depths:4)
  2 eidola
  2 spectral titans (WizLab)
  6 jiangshi
  16 mummy priests
  5 ettins
  3 green deaths
  12 yaktaur captains
  Josephine (D:13)
  7 fire dragons
  A shambling mangrove (Swamp:4)
  13 deep elf high priests
  10 great orbs of eyes
  6 rakshasas
  3 boulder beetles
  17 hydras
  34 vault guards
  3 ice dragons
  7 spriggan air magi
  Harold (D:11)
  4 hell beasts
  A quicksilver dragon skeleton (Depths:1)
  2 ogre magi (Vaults:5)
  A peacekeeper (Vaults:2)
  2 catoblepae
  4 salamander tyrants
  19 naga warriors
  9 ironbound frosthearts
  13 anacondas
  2 ghost crabs
  10 two-headed ogres
  2 death knights (Crypt:1)
  13 dancing weapons
  7 deep troll shamans
  3 merfolk aquamancers (Depths:2)
  14 centaur warriors
  12 alligators
  The ghost of audacious124 the Chopper, a novice HOFi of Beogh (D:9)
  7 death yaks
  24 death scarabs
  3 orc high priests
  2 spriggan berserkers
  Urug (D:11)
  13 naga sharpshooters
  12 tengu warriors
  8 vampire magi
  7 deep troll earth magi
  Sonja (D:10)
  2 titan zombies (WizLab)
  12 shock serpents
  2 soul eaters
  5 deep elf knights
  2 titan skeletons
  2 fire crabs (shapeshifter)
  4 salamander mystics
  7 shadow wraiths
  2 sixfirhies
  A hell knight (Depths:4)
  5 iron trolls
  A bunyip zombie (Tomb:1)
  A glowing orange brain (shapeshifter) (Vaults:4)
  9 goliath frogs
  8 flayed ghosts (Crypt:3)
  15 skeletal warriors
  The ghost of SkeletonJelly the Unseen, a novice SpBr of Dithmenos (D:10)
  6 spriggan druids
  6 swamp dragons
  8 bog bodies
  31 deep trolls
  11 naga ritualists
  16 ironbound convokers
  An obsidian statue (D:13)
  10 deep elf archers
  A spectral wolf spider (WizLab)
  4 wizards
  A harpy (Depths:2)
  An orange crystal statue (Depths:2)
  2 spark wasp zombies
  24 phantasmal warriors
  3 anaconda skeletons
  17 deep elf zephyrmancers
  7 lindwurms
  15 orc knights
  7 mana vipers
  A wolf spider zombie (WizLab)
  7 necromancers
  A sphinx zombie (Depths:1)
  16 deep elf pyromancers
  2 shining eyes (Slime:5)
  9 manticores
  54 ugly things
  A cyclops (shapeshifter) (Vaults:5)
  2 spectral spriggans (WizLab)
  3 orc sorcerers (Orc:2)
  A sphinx skeleton (Vaults:1)
  A fire giant zombie (Crypt:1)
  A wolf spider (Vaults:5)
  6 will-o-the-wisps
  17 salamanders
  6 elephants (Lair:4)
  11 fire giant skeletons (Crypt:3)
  7 cyclopes
  16 naga magi
  An ice statue (IceCv)
  A shock serpent zombie (Crypt:1)
  A human skeleton (Vaults:1)
  A dire elephant zombie (Crypt:2)
  Maurice (D:10)
  9 guardian serpents
  17 vault sentinels
  3 water nymphs (Depths:2)
  32 black mambas
  An alligator snapping turtle zombie (Crypt:2)
  2 smoke demons (D:13)
  5 gargoyles
  A green draconian zombie (Crypt:2)
  3 centaur skeletons
  22 cane toads
  3 orange demons (Swamp:4)
  A kobold demonologist (D:13)
  12 komodo dragons
  A dire elephant skeleton (Tomb:3)
  A komodo dragon (shapeshifter) (Vaults:5)
  32 yaktaurs
  An iron troll zombie (Crypt:1)
  A naga skeleton (Crypt:3)
  A pale draconian zombie (Crypt:2)
  8 rime drakes
  A golden dragon simulacrum (Depths:1)
  2 hellwings
  10 tengu conjurers
  A dryad (Depths:2)
  A harpy zombie (Tomb:2)
  47 guardian mummies
  6 freezing wraiths
  10 hornets
  A death drake zombie (Crypt:2)
  14 trolls
  2 spectral guardian serpents (Crypt:1)
  6 polar bears
  13 tyrant leeches
  Prince Ribbit (D:7)
  A harpy skeleton (Crypt:2)
  24 blink frogs
  2 spriggan zombies (WizLab)
  99 slime creatures
  A dream sheep (Lair:1)
  Sigmund (D:4)
  An air elemental (Elf:3)
  6 ushabtiu
  41 flying skulls
  3 water elementals
  8 spriggans
  14 wraiths
  An elf simulacrum (Vaults:1)
  7 shadows
  5 fire dragon skeletons (Crypt:3)
  3 fire bats (Depths:1)
  3 wyverns
  An alligator snapping turtle simulacrum (Tomb:2)
  61 yaks
  8 basilisks
  4 fire elementals
  4 golden eyes (Slime:5)
  4 steam dragons
  A catoblepas simulacrum (Crypt:2)
  10 vampire mosquitoes
  2 redbacks
  A chaos spawn (D:13)
  A neqoxec (Depths:2)
  7 wargs
  56 nagas
  19 swamp worms
  2 glowing shapeshifter zombies
  13 water moccasins
  7 hell hounds (Depths:2)
  2 acid dragons (D:11)
  A water nymph zombie (Crypt:2)
  A meliai simulacrum (D:15)
  5 large abominations
  2 swamp drakes
  A black bear (Lair:2)
  An ice beast (D:7)
  A black bear (shapeshifter) (Elf:1)
  32 orc warriors
  24 wolves
  6 ogres
  10 centaurs
  A phantom (D:6)
  5 kobold brigands
  A vine stalker zombie (Crypt:1)
  A fire crab zombie (Crypt:1)
  An elf zombie (Crypt:1)
  A necrophage (Crypt:2)
  20 bullfrogs
  An earth elemental (Elf:1)
  A wyvern zombie (Crypt:1)
  2 gnoll sergeants
  2 scorpions (D:5)
  A naga simulacrum (Tomb:1)
  12 wights
  A water moccasin skeleton (Crypt:2)
  4 spriggan skeletons
  27 killer bees
  8 howler monkeys
  2 electric eels (Lair:5)
  A crimson imp (D:13)
  2 centaur zombies
  3 quasits (D:13)
  15 jellies
  5 hounds
  A human simulacrum (Vaults:1)
  19 orc priests
  Crazy Yiuf (D:5)
  3 iron imps (D:13)
  2 iguanas
  Terence (D:2)
  19 orc wizards
  4 polar bear simulacra (Lair:2)
  7 hell rats
  3 yak simulacra (Lair:2)
  A deep dwarf skeleton (Crypt:2)
  67 mummies
  Robin (D:3)
  5 adders
  14 gnolls
  A river rat (D:10)
  13 white imps
  3 ufetubi
  2 worms
  3 dart slugs
  75 orcs
  11 endoplasms
  4 giant cockroaches
  6 hobgoblins
  4 jackals (D:5)
  17 kobolds
  8 quokkas
  7 ball pythons
  3 bats
  2 frilled lizards
  A frilled lizard zombie (Crypt:1)
  11 goblins
  An orc skeleton (Crypt:2)
  6 rats
  4 river rat simulacra (Lair:2)
2360 creatures vanquished.

Vanquished Creatures (collateral kills)
  An acid blob (Lair:5)
  An ironbound preserver (Vaults:5)
  3 yaks
  3 orc warriors (Orc:2)
  A centaur (D:9)
  A bullfrog (Lair:5)
  An orc wizard (Orc:2)
  7 orcs (Orc:2)
18 creatures vanquished.

Vanquished Creatures (others)
  A war gargoyle (Vaults:5)
  2 hydras (Swamp:2)
  A deep elf knight (Elf:1)
  A swamp dragon (Swamp:3)
  A wizard (D:8)
  A naga mage (Snake:4)
  A komodo dragon (Lair:1)
  A troll (D:9)
  2 bloated husks (Swamp:1)
  A tyrant leech (Swamp:2)
  A slime creature (Slime:4)
  A flying skull (WizLab)
  A swamp worm (Swamp:3)
  An orc warrior (Vaults:5)
  A centaur (D:14)
  An ufetubus (D:13)
  An orc (Elf:1)
  A goblin (D:4)
  A bush (Lair:5)
  30 foxfires
  28 fungi
  102 plants
  4 toadstools (D:1)
  9 withered plants
194 creatures vanquished.

Grand Total: 2572 creatures vanquished

Notes
Turn   | Place    | Note
-------+----------+-------------------------------------------
     0 | D:1      | frimble the Demonspawn Hedge Wizard began the quest for the
                  | Orb.
     0 | D:1      | Reached XP level 1. HP: 13/13 MP: 4/4
   303 | D:1      | Reached skill level 1 in Short Blades
   303 | D:1      | Gained mutation: You regenerate a little health from kills.
                  | [demonic ancestry]
   303 | D:1      | Reached XP level 2. HP: 19/19 MP: 6/6
   369 | D:1      | Found a faded altar of an unknown god.
   920 | D:1      | Gained mutation: You are partially covered in large bone
                  | plates. (SH +4) [demonic ancestry]
   920 | D:1      | Reached XP level 3. HP: 24/24 MP: 3/7
  1388 | D:2      | Noticed Terence
  1401 | D:3      | Learned a level 2 spell: Blink
  1519 | D:4      | Noticed Robin
  2021 | D:3      | Gained mutation: You regenerate health from kills. [demonic
                  | ancestry]
  2021 | D:3      | Reached XP level 4. HP: 30/30 MP: 1/8
  2149 | D:3      | You fall into a shaft and drop 3 floors!
  2160 | D:5      | Entered Level 5 of the Dungeon
  2318 | D:3      | Killed Robin
  2319 | D:3      | Reached skill level 1 in Fighting
  2456 | D:2      | Identified the +7 flail "Xunestiv" {vamp, Int+3}
  2462 | D:2      | Killed Terence
  2463 | D:2      | Reached skill level 1 in Maces & Flails
  2586 | D:2      | Found Suoneust's Armour Shoppe.
  2603 | D:2      | Bought a +0 pair of boots for 58 gold pieces
  2629 | D:2      | Reached XP level 5. HP: 34/37 MP: 9/9
  3071 | D:4      | Noticed Sigmund
  3098 | D:4      | Killed Sigmund
  3099 | D:4      | Reached skill level 2 in Fighting
  3099 | D:4      | Reached XP level 6. HP: 39/44 MP: 4/10
  3149 | D:4      | Found a staircase to the Ecumenical Temple.
  3537 | Temple   | Entered the Ecumenical Temple
  3776 | Temple   | Became a worshipper of Cheibriados the Contemplative
  3893 | D:5      | Reached skill level 1 in Translocations
  3981 | D:5      | Learned a level 5 spell: Borgnjor's Vile Clutch
  4167 | D:5      | Gained mutation: Your touch may inflict minor irresistible
                  | damage on your foes. [demonic ancestry]
  4167 | D:5      | Reached XP level 7. HP: 49/51 MP: 9/11
  4320 | D:5      | Found a runed translucent door.
  4321 | D:5      | Noticed Crazy Yiuf
  4490 | D:5      | Killed Crazy Yiuf
  4491 | D:5      | Reached skill level 3 in Fighting
  4674 | D:6      | Reached skill level 1 in Unarmed Combat
  4784 | D:6      | Learned a level 1 spell: Apportation
  4806 | D:6      | Reached * piety under Cheibriados
  4818 | D:6      | Noticed a steam dragon
  4834 | D:6      | Killed a steam dragon
  4840 | D:6      | Reached XP level 8. HP: 60/60 MP: 9/12
  4960 | D:6      | Reached skill level 4 in Fighting
  5390 | D:7      | Reached ** piety under Cheibriados
  5496 | D:7      | Reached skill level 5 in Fighting
  5496 | D:7      | Reached skill level 5 in Dodging
  5540 | D:7      | Reached XP level 9. HP: 68/68 MP: 6/13
  5653 | D:7      | Noticed Prince Ribbit
  5663 | D:7      | Identified the +1 plate armour of the Slorg {+Inv Will-
                  | rCorr Dex-2}
  5669 | D:7      | Killed Prince Ribbit
  5790 | D:7      | Identified the +5 rapier "Killer Bee's Death" {elec, rF++}
  6013 | D:8      | Found a transporter.
  6014 | D:8      | Found a transporter.
  6091 | D:8      | Reached *** piety under Cheibriados
  6110 | D:8      | Reached skill level 6 in Fighting
  6198 | D:8      | Reached skill level 5 in Translocations
  6206 | D:8      | Noticed a troll
  6218 | D:8      | Killed a troll
  6376 | D:8      | Reached skill level 1 in Invocations
  6395 | D:8      | Reached skill level 1 in Evocations
  6443 | D:8      | Found a staircase to the Lair.
  6515 | D:8      | Reached XP level 10. HP: 44/77 MP: 6/14
  6518 | D:8      | Reached **** piety under Cheibriados
  6906 | D:8      | Found a bloodstained altar of Trog.
  6909 | D:8      | Noticed a wizard
  6912 | D:8      | Killed a wizard
  7020 | D:9      | Noticed a two-headed ogre
  7052 | Lair:1   | Entered Level 1 of the Lair of Beasts
  7072 | D:8      | Reached skill level 1 in Necromancy
  7207 | D:8      | Reached skill level 1 in Earth Magic
  7232 | Lair:1   | Reached skill level 7 in Fighting
  7693 | Lair:1   | Noticed a cane toad
  7704 | Lair:1   | Killed a cane toad
  7843 | Lair:1   | Noticed a cane toad
  7946 | D:9      | Noticed a two-headed ogre
  7954 | D:9      | Killed a two-headed ogre
  8176 | D:9      | Found a runed translucent door.
  8328 | D:10     | Entered Level 10 of the Dungeon
  8330 | D:10     | Noticed Maurice
  8341 | D:10     | Killed Maurice
  8483 | D:9      | Killed a two-headed ogre
  8484 | D:9      | Reached skill level 8 in Fighting
  8484 | D:9      | Reached skill level 5 in Maces & Flails
  8484 | D:9      | Gained mutation: Your demonic aura sometimes causes spilled
                  | blood to erupt in flames. [demonic ancestry]
  8484 | D:9      | Reached XP level 11. HP: 68/86 MP: 6/15
  8895 | D:9      | Reached skill level 5 in Necromancy
  8895 | D:9      | Noticed a catoblepas
  8921 | D:9      | HP: 4/87 [catoblepas (14)]
  8924 | D:9      | Killed a catoblepas
  9138 | D:9      | Noticed a centaur warrior
  9146 | D:9      | Killed a centaur warrior
  9226 | D:9      | Noticed a centaur warrior
  9233 | D:9      | Killed a centaur warrior
  9548 | D:9      | Noticed audacious124's ghost (novice HOFi)
  9587 | D:10     | Reached skill level 5 in Earth Magic
  9717 | D:10     | Found a runed translucent gate.
  9717 | D:10     | Found a runed translucent gate.
  9718 | D:10     | Found a runed translucent gate.
  9809 | D:10     | Reached skill level 9 in Fighting
 10066 | D:10     | Reached ***** piety under Cheibriados
 10129 | D:10     | Noticed SkeletonJelly's ghost (novice SpBr)
 10144 | D:10     | Noticed a two-headed ogre
 10146 | D:10     | Noticed Sonja
 10148 | D:10     | Killed Sonja
 10180 | D:10     | Killed a two-headed ogre
 10578 | D:11     | Reached XP level 12. HP: 93/95 MP: 16/16
 10610 | D:11     | Noticed Harold
 10615 | D:11     | Killed Harold
 10671 | D:11     | Reached skill level 5 in Unarmed Combat
 10784 | D:11     | Noticed a boulder beetle
 10789 | D:11     | Noticed a centaur warrior
 10801 | D:11     | Noticed Urug
 10805 | D:11     | Killed a boulder beetle
 11058 | D:11     | Killed a centaur warrior
 11133 | D:11     | Killed Urug
 11569 | D:11     | Found a portal to a secret trove of treasure.
 11601 | D:11     | Noticed a five-headed hydra
 11609 | D:11     | Killed a five-headed hydra
 11610 | D:11     | Reached skill level 10 in Fighting
 11610 | D:11     | Reached skill level 1 in Axes
 11647 | Trove    | Entered a treasure trove
 11710 | Trove    | Found the dreamshard necklace {*Dream Drain}
 11723 | Trove    | Identified the ring "Exku Fuogu" {rElec rPois rF+ Str+3
                  | Slay-6}
 11736 | Trove    | Identified the amulet of Fallacy {Reflect rF+ SH+5}
 11904 | D:11     | Found a staircase to the Orcish Mines.
 12310 | Lair:1   | Noticed a seven-headed hydra
 12319 | Lair:1   | Killed a seven-headed hydra
 12516 | Lair:1   | Noticed a five-headed hydra
 12527 | Lair:1   | Killed a five-headed hydra
 13048 | Lair:2   | Noticed a catoblepas
 13058 | Lair:2   | Killed a catoblepas
 13213 | Lair:2   | Gained mutation: You are mostly covered in large bone
                  | plates. (SH +6) [demonic ancestry]
 13213 | Lair:2   | Reached XP level 13. HP: 51/103 MP: 6/17
 13926 | Lair:3   | Reached skill level 5 in Axes
 13986 | Lair:3   | Reached skill level 10 in Necromancy
 14013 | Lair:3   | Found a frozen archway.
 14030 | IceCv    | Entered an ice cave
 14498 | IceCv    | Noticed a frost giant
 14509 | IceCv    | Killed a frost giant
 14719 | Lair:3   | Identified the +1 ring mail "Nawn" {Fly rPois rC+ MP-9}
 14867 | Lair:3   | Found a staircase to the Swamp.
 15690 | Lair:4   | Identified the +0 leather armour of Agnosticism {rCorr
                  | Int+4}
 15721 | Lair:4   | Gained mutation: Your touch may inflict irresistible damage
                  | on your foes. [demonic ancestry]
 15721 | Lair:4   | Reached XP level 14. HP: 111/111 MP: 20/20
 15860 | Lair:4   | Found a staircase to the Slime Pits.
 16022 | Lair:5   | Entered Level 5 of the Lair of Beasts
 16065 | Lair:5   | Reached skill level 5 in Spellcasting
 16079 | Lair:5   | Reached skill level 11 in Fighting
 16241 | Lair:5   | Noticed a quicksilver ooze
 16241 | Lair:5   | Noticed an acid blob
 16241 | Lair:5   | Noticed a quicksilver ooze
 16246 | Lair:5   | Noticed a quicksilver ooze
 16246 | Lair:5   | Killed a quicksilver ooze
 16246 | Lair:5   | Killed a quicksilver ooze
 16285 | Lair:5   | Identified the +1 pair of boots of the Great Game {+Inv
                  | rF+}
 16512 | Lair:5   | Killed an acid blob
 16513 | Lair:5   | Reached skill level 5 in Invocations
 17024 | D:8      | Identified the +0 helmet "Pabamib" {rC+ rN+ Regen+ MP-9}
 17122 | D:9      | Killed audacious124's ghost
 17399 | D:12     | Reached ****** piety under Cheibriados
 17596 | D:12     | Noticed Jorgrun
 17607 | D:12     | Killed Jorgrun
 17679 | D:12     | Reached skill level 12 in Fighting
 18080 | D:13     | Identified the +1 ring mail of Death's Door {Fly Str+4}
 18479 | D:13     | Noticed Josephine
 18489 | D:13     | Killed Josephine
 18495 | D:13     | Reached XP level 15. HP: 31/120 MP: 7/25
 18661 | D:13     | Reached skill level 10 in Axes
 18758 | D:14     | Found a blossoming altar of Fedhas.
 18969 | D:14     | Found a gate to the Vaults.
 19377 | D:14     | Found Baaxt's Distillery.
 19607 | D:15     | Entered Level 15 of the Dungeon
 19801 | D:15     | Found a staircase to the Depths.
 20081 | D:15     | Found a basalt altar of Yredelemnul.
 20191 | D:15     | Identified the +2 robe "Paogg" {Str+3}
 21010 | D:15     | Found a radiant altar of Vehumet.
 21077 | D:15     | Reached skill level 13 in Fighting
 21319 | Orc:1    | Entered Level 1 of the Orcish Mines
 21779 | Orc:2    | Entered Level 2 of the Orcish Mines
 21784 | Orc:2    | Found Rarpha Cieku's Weapon Boutique.
 21932 | Orc:2    | Found a runed translucent gate.
 21945 | Orc:2    | Found a runed translucent gate.
 21946 | Orc:2    | Found a runed translucent gate.
 21950 | Orc:2    | Found an opulent altar of Gozag.
 21952 | Orc:2    | Noticed Zonian's ghost (journeyman DsIE)
 21955 | Orc:2    | Found Fumom's Assorted Antiques.
 22061 | Orc:2    | Noticed an orc warlord
 22082 | Orc:2    | Killed an orc warlord
 22090 | Orc:2    | Reached skill level 10 in Invocations
 22110 | Orc:2    | Noticed an orc warlord
 22208 | Orc:2    | Found Lugiruym's Book Emporium.
 22245 | Orc:2    | Found a staircase to the Elven Halls.
 22449 | Orc:2    | Found Ymoggemi's General Store.
 22455 | Orc:2    | Bought a scroll of teleportation for 45 gold pieces
 22455 | Orc:2    | Bought a scroll of blinking for 112 gold pieces
 22464 | Orc:2    | Found Tymug's Antique Armour Emporium.
 22471 | Orc:2    | Bought an embroidered cloak for 240 gold pieces
 22503 | Orc:2    | Killed an orc warlord
 22539 | Orc:2    | Found Diloc's Antique Weapon Emporium.
 22698 | Elf:1    | Entered Level 1 of the Elven Halls
 22955 | Elf:1    | Gained mutation: You are completely covered in large bone
                  | plates. (SH +8) [demonic ancestry]
 22955 | Elf:1    | Reached XP level 16. HP: 130/130 MP: 11/29
 22962 | Elf:1    | Noticed an Executioner
 23075 | Elf:1    | Found a runed translucent gate.
 23075 | Elf:1    | Found a runed translucent gate.
 23075 | Elf:1    | Found a runed translucent gate.
 23075 | Elf:1    | Found a runed translucent gate.
 23075 | Elf:1    | Found a runed translucent gate.
 23076 | Elf:1    | Noticed a shadow dragon
 23077 | Elf:1    | Found a runed translucent gate.
 23822 | Elf:2    | Found Xeuck's Weapon Shop.
 23895 | Elf:2    | Reached skill level 10 in Spellcasting
 24337 | Elf:2    | Found Ceimolip's Magic Scroll Emporium.
 24337 | Elf:2    | Found Luwnap Tued's General Store.
 24359 | Elf:2    | Bought a scroll of enchant weapon for 112 gold pieces
 24359 | Elf:2    | Bought a scroll of enchant armour for 112 gold pieces
 24414 | Elf:2    | Found a runed translucent gate.
 24414 | Elf:2    | Found a runed translucent gate.
 24416 | Elf:2    | Found a runed translucent gate.
 24532 | Elf:2    | Bought a scroll of magic mapping for 150 gold pieces
 24532 | Elf:2    | Bought a wand of roots (6) for 288 gold pieces
 24532 | Elf:2    | Bought a potion of mutation for 160 gold pieces
 24996 | Lair:5   | Reached skill level 1 in Shields
 25762 | Lair:2   | Found a staircase to the Snake Pit.
 25854 | Snake:1  | Entered Level 1 of the Snake Pit
 26596 | Snake:1  | Reached skill level 5 in Shields
 27082 | Snake:1  | Reached XP level 17. HP: 136/136 MP: 22/31
 27419 | Snake:2  | HP: 1/136 [shock serpent/bolt of electricity (21)]
 27682 | Snake:2  | Found a broken altar of Ashenzari.
 28410 | Snake:3  | Found Vepaunt's Book Shop.
 28412 | Snake:3  | Found Orphar's Jewellery Shoppe.
 28413 | Snake:3  | Found Ili Feti's Book Shop.
 28521 | Snake:3  | Found Irrownal's Assorted Antiques.
 28533 | Snake:3  | Bought a potion of heal wounds for 160 gold pieces
 28533 | Snake:3  | Bought a scroll of enchant weapon for 240 gold pieces
 28533 | Snake:3  | Bought a scroll of enchant weapon for 240 gold pieces
 28533 | Snake:3  | Bought a pair of runed boots for 240 gold pieces
 28647 | Snake:3  | Identified the ring "Udottode" {rN+ Will+ Dex+4}
 28871 | Snake:3  | Learned a level 6 spell: Statue Form
 28892 | Snake:4  | Entered Level 4 of the Snake Pit
 28919 | Snake:4  | HP: 6/136 [naga/+0 trident (18)]
 29101 | Snake:4  | Reached skill level 15 in Axes
 29109 | Snake:4  | Noticed Vashnia
 29393 | Snake:4  | Killed Vashnia
 29550 | Snake:4  | Noticed Aizul
 29565 | Snake:4  | Killed Aizul
 29578 | Snake:4  | Found an iron altar of Okawaru.
 29823 | Snake:4  | Reached XP level 18. HP: 128/143 MP: 23/32
 29863 | Snake:4  | Reached skill level 10 in Shields
 29999 | Snake:4  | Got a serpentine rune of Zot
 30245 | Snake:4  | Noticed Saint Roka
 30262 | Snake:4  | Killed Saint Roka
 30794 | Elf:3    | Entered Level 3 of the Elven Halls
 30855 | Elf:3    | Paralysed by an air elemental for 1 turns
 30937 | Elf:3    | Found Axupuch's Armour Shoppe.
 30945 | Elf:3    | Bought a +1 cloak of willpower for 264 gold pieces
 30981 | Elf:3    | Found Wuism's General Store.
 30989 | Elf:3    | Bought a scroll of immolation for 60 gold pieces
 30989 | Elf:3    | Bought a scroll of magic mapping for 112 gold pieces
 31106 | Elf:3    | Noticed an Ice Fiend
 31360 | Elf:3    | Noticed a Brimstone Fiend
 31497 | Elf:3    | Identified the +7 long sword of Cheibriados {vorpal, Str+5}
 31521 | Elf:3    | Got the Vellum of Variation
 31522 | Elf:3    | Identified the +0 cloak "Wuji" {rN+ Str-5 SInv}
 31573 | Elf:3    | Got the Opusculum on Attacks
 31598 | Elf:3    | Got Sif Muna's Almanac of Allied Ozone
 32129 | D:10     | Killed SkeletonJelly's ghost
 32329 | Vaults:1 | Entered Level 1 of the Vaults
 32333 | Vaults:1 | Found Qoisiv's Armour Shoppe.
 32670 | Vaults:1 | Gained mutation: Your touch may irresistibly damage your
                  | foes and sap their willpower. [demonic ancestry]
 32670 | Vaults:1 | Reached XP level 19. HP: 149/149 MP: 24/33
 32723 | Vaults:1 | You fall into a shaft and drop 1 floor!
 32798 | Vaults:2 | Found a magical portal.
 32817 | WizLab   | Entered Borgnjor's Mausoleum
 32898 | WizLab   | Reached skill level 1 in Transmutations
 33170 | WizLab   | Gained mutation: You are weak. (Str -2) [mutagenic glow]
 33352 | WizLab   | Found the macabre finger necklace {rN+}
 33363 | WizLab   | Got Borgnjor's Lectures on the Undead
 33479 | Vaults:2 | Reached skill level 5 in Transmutations
 33568 | Vaults:2 | Identified the +9 glaive "Lucuteuv" {vorpal, rF+ SInv}
 33824 | Vaults:2 | Identified the +1 pair of gloves "Lydam" {rF+ Int+4}
 33824 | Vaults:2 | Noticed Nikola
 33837 | Vaults:2 | Killed Nikola
 34041 | Vaults:2 | Gained mutation: Your magical and physical power is
                  | slightly enhanced at high health. [demonic ancestry]
 34041 | Vaults:2 | Reached XP level 20. HP: 156/156 MP: 25/34
 34066 | Vaults:2 | Reached skill level 15 in Shields
 34988 | Vaults:3 | Identified the +0 ring mail "Gauzieg" {SInv}
 35098 | Vaults:3 | Found a staircase to the Crypt.
 35686 | Vaults:4 | Identified the +1 pair of boots "Votepo" {Harm}
 35756 | Vaults:4 | Reached skill level 10 in Transmutations
 36311 | Vaults:4 | Found Isischowk's Armour Boutique.
 36745 | Vaults:5 | Entered Level 5 of the Vaults
 36786 | Vaults:5 | Identified the ring "Reeseick" {Fly Int+3}
 36792 | Vaults:5 | Noticed an ancient lich
 36812 | Vaults:5 | Killed an ancient lich
 36820 | Vaults:5 | Gained mutation: Your magical and physical power is
                  | enhanced at high health. [demonic ancestry]
 36820 | Vaults:5 | Reached XP level 21. HP: 162/162 MP: 18/35
 36837 | Vaults:5 | Noticed a golden dragon
 36868 | Vaults:5 | Killed a golden dragon
 36868 | Vaults:5 | Identified the +5 eveningstar of Righteous Fury {protect,
                  | rPois}
 36948 | Vaults:5 | Noticed a golden dragon
 36962 | Vaults:5 | Killed a golden dragon
 36963 | Vaults:5 | Reached skill level 14 in Fighting
 37010 | Vaults:5 | Identified the +5 plate armour "Jinym" {Rampage rF+}
 37023 | Vaults:5 | Got a silver rune of Zot
 37053 | Vaults:5 | Noticed a golden dragon
 37065 | Vaults:5 | Killed a golden dragon
 37199 | Vaults:5 | Identified the +3 spear of Zin's Whim {flame, rElec rC+
                  | Will+ Stlth+}
 37312 | Vaults:5 | Identified the +1 chain mail of Mental Paralysis {Rampage
                  | *Slow Dex-2 SInv}
 37314 | Vaults:5 | Found Koligegyi's Antique Weapon Shoppe.
 37339 | Vaults:5 | Identified the +8 dagger of Devotion {speed, Will+ Int+4}
 37677 | Vaults:5 | Identified the +0 chain mail "Zaumai" {Str+4 Int-3 Dex+6}
 38273 | Depths:1 | Entered Level 1 of the Depths
 38319 | Depths:1 | Learned a level 8 spell: Necromutation
 38359 | Depths:1 | Found a shimmering altar of Xom.
 38524 | Depths:1 | Noticed Asterion
 38524 | Depths:1 | Found Zupeaprass's General Store.
 38531 | Depths:1 | Killed Asterion
 38539 | Depths:1 | Reached XP level 22. HP: 173/173 MP: 28/37
 38600 | Depths:1 | Found a gateway to Hell.
 39077 | Depths:1 | Bought the ring of Usmapowi {Fly rF+ rC+++ rCorr Int-2} for
                  | 1493 gold pieces
 39239 | Depths:2 | Reached skill level 15 in Fighting
 39349 | Depths:2 | Got the Reference Book on Beguiling and Left-Handed Deeds
 39440 | Depths:2 | Found a one-way gate leading to the halls of Pandemonium.
 39475 | Depths:2 | Found a one-way gate to the infinite horrors of the Abyss.
 39712 | Depths:2 | Identified the ring of Peotzeac {AC+4 Str+4}
 39756 | Depths:2 | Found Cylad's Antique Weapon Shop.
 40350 | Depths:3 | Found a one-way gateway to a ziggurat.
 40713 | Depths:3 | Identified the +5 war axe "Taaree" {flame, rF- rC+++}
 40731 | Depths:3 | Identified the +7 long sword of Noon {vorpal, rElec rPois
                  | Str+2}
 40881 | Depths:3 | Found Miqul's Magic Scroll Emporium.
 40889 | Depths:3 | Bought a scroll of teleportation for 39 gold pieces
 41146 | Depths:4 | Entered Level 4 of the Depths
 41215 | Depths:4 | Gained mutation: You sometimes lose your temper in combat.
                  | [mutagenic glow]
 41294 | Depths:4 | Lost mutation: You sometimes lose your temper in combat.
                  | [potion of mutation]
 41294 | Depths:4 | Lost mutation: You are weak. (Str -2) [potion of mutation]
 41294 | Depths:4 | Gained mutation: Your spells are a little harder to cast,
                  | but a little more powerful. [potion of mutation]
 41294 | Depths:4 | Gained mutation: You have sharp toenails. [potion of
                  | mutation]
 41359 | Depths:4 | Reached skill level 16 in Fighting
 41426 | Depths:4 | Gained mutation: Your magical and physical power is greatly
                  | enhanced at high health. [demonic ancestry]
 41426 | Depths:4 | Reached XP level 23. HP: 184/184 MP: 31/40
 41718 | Depths:4 | Found a gate to the Realm of Zot.
 42332 | Swamp:1  | Entered Level 1 of the Swamp
 42416 | Swamp:1  | Reached skill level 15 in Transmutations
 42548 | Swamp:1  | Identified the +8 chain mail of Eternal Vigilance {Stlth+}
 43702 | Swamp:3  | Reached skill level 15 in Necromancy
 44209 | Swamp:4  | Entered Level 4 of the Swamp
 44437 | Swamp:4  | Identified the +3 ring mail of the Equinox {-Tele Drain
                  | rCorr Str+6}
 44674 | Swamp:4  | Reached skill level 17 in Fighting
 44749 | Swamp:4  | Identified the +5 short sword of Exquisite Death {vorpal,
                  | rCorr}
 44840 | Swamp:4  | Got a decaying rune of Zot
 45045 | Slime:1  | Entered Level 1 of the Pits of Slime
 45352 | Slime:5  | Entered Level 5 of the Pits of Slime
 45371 | Slime:5  | Noticed the Royal Jelly
 45410 | Slime:5  | Killed the Royal Jelly
 45417 | Slime:5  | Gained mutation: You sometimes lose your temper in combat.
                  | [a shining eye]
 45421 | Slime:5  | Gained mutation: You are strong-willed. (Will+) [a shining
                  | eye]
 45424 | Slime:5  | Gained mutation: You have supernaturally acute eyesight.
                  | (SInv) [a shining eye]
 45430 | Slime:5  | Lost mutation: Your spells are a little harder to cast, but
                  | a little more powerful. [potion of mutation]
 45430 | Slime:5  | Lost mutation: You sometimes lose your temper in combat.
                  | [potion of mutation]
 45430 | Slime:5  | Gained mutation: Your flesh is heat resistant. (rF+)
                  | [potion of mutation]
 45430 | Slime:5  | Gained mutation: You are resistant to electric shocks.
                  | (rElec) [potion of mutation]
 45468 | Slime:5  | Gained mutation: Your demonic aura often causes spilled
                  | blood to erupt in flames. [demonic ancestry]
 45468 | Slime:5  | Reached XP level 24. HP: 189/197 MP: 32/41
 45483 | Slime:5  | Identified the ring "Soghufal" {Dex+5 SInv}
 45491 | Slime:5  | Got a slimy rune of Zot
 45521 | Slime:5  | Identified the +6 bardiche of Ruination {vorpal, Str-3
                  | Int+9 Stlth+}
 45531 | Slime:5  | Identified the +0 pair of boots of Compassion {*Slow rElec
                  | rF+}
 45561 | Slime:5  | Got the Compendium of the Traveller
 45565 | Slime:5  | Identified the ring of Luros {rPois SInv}
 45570 | Slime:5  | Identified a scroll of acquirement
 45571 | Slime:5  | Acquired 1095 gold pieces
 45592 | Slime:5  | Identified the +10 glaive "Stringbean" {vorpal, rF+++ MP-9
                  | Int-4 SInv}
 45681 | Lair:4   | Learned a level 8 spell: Ignition
 46106 | Crypt:1  | Entered Level 1 of the Crypt
 46160 | Crypt:1  | Reached skill level 1 in Fire Magic
 46198 | Crypt:1  | Found a runed translucent door.
 46198 | Crypt:1  | Noticed Kucw's ghost (adept GrFi)
 46296 | Crypt:1  | Reached skill level 15 in Spellcasting
 46803 | Crypt:1  | Killed Kucw's ghost
 46842 | Crypt:2  | Reached skill level 18 in Fighting
 46926 | Crypt:2  | Reached skill level 5 in Fire Magic
 46926 | Crypt:2  | Gained mutation: You regenerate a lot of health from kills.
                  | [demonic ancestry]
 46926 | Crypt:2  | Reached XP level 25. HP: 204/204 MP: 33/42
 47648 | Crypt:3  | Entered Level 3 of the Crypt
 48049 | Crypt:3  | Identified the +5 ring mail "Nujoese" {rElec rC++ Stlth-}
 48292 | Crypt:3  | Identified the ring "Jyokhla Lela" {Wiz Str+3 Dex+3}
 48310 | Crypt:3  | Found a staircase to the Tomb.
 48588 | Crypt:3  | Noticed Sojobo
 48597 | Crypt:3  | Killed Sojobo
 48795 | Crypt:3  | Found an ancient bone altar of Kikubaaqudgha.
 48893 | Crypt:3  | Got the Precepts of Misery
 48921 | Crypt:3  | Got the Anthology of the Non-Euclidean Mountains
 49173 | Tomb:1   | Entered Level 1 of the Tomb of the Ancients
 49434 | Tomb:1   | Reached skill level 19 in Fighting
 50013 | Tomb:2   | Noticed a royal mummy
 50013 | Tomb:2   | Noticed a royal mummy
 50015 | Tomb:2   | Noticed a royal mummy
 50022 | Tomb:2   | Noticed a royal mummy
 50025 | Tomb:2   | HP: 7/207 [skeletal warrior/+0 glaive (9)]
 50198 | Tomb:2   | Killed a royal mummy
 50199 | Tomb:2   | Gained mutation: Your demonic aura causes all spilled blood
                  | to erupt in flames. [demonic ancestry]
 50199 | Tomb:2   | Reached XP level 26. HP: 48/215 MP: 33/42
 50213 | Tomb:2   | Killed a royal mummy
 50215 | Tomb:2   | Killed a royal mummy
 50216 | Tomb:2   | Reached skill level 10 in Fire Magic
 50269 | Tomb:2   | Killed a royal mummy
 50604 | Tomb:1   | Noticed a royal mummy
 50604 | Tomb:1   | Noticed a royal mummy
 50604 | Tomb:1   | Noticed a royal mummy
 50620 | Tomb:1   | Killed a royal mummy
 50632 | Tomb:1   | Killed a royal mummy
 50634 | Tomb:1   | Noticed a royal mummy
 50644 | Tomb:1   | Killed a royal mummy
 50654 | Tomb:1   | Killed a royal mummy
 50672 | Tomb:1   | Noticed a royal mummy
 50681 | Tomb:1   | Killed a royal mummy
 50699 | Tomb:1   | Noticed a royal mummy
 50713 | Tomb:1   | Killed a royal mummy
 50753 | Tomb:1   | Noticed a royal mummy
 50753 | Tomb:1   | Noticed a royal mummy
 50773 | Tomb:1   | Killed a royal mummy
 50777 | Tomb:1   | Killed a royal mummy
 50821 | Tomb:1   | Noticed a royal mummy
 50833 | Tomb:1   | Noticed a royal mummy
 50840 | Tomb:1   | Killed a royal mummy
 50846 | Tomb:1   | Killed a royal mummy
 50903 | Tomb:1   | Noticed a royal mummy
 50911 | Tomb:1   | Killed a royal mummy
 50926 | Tomb:1   | Noticed a royal mummy
 50948 | Tomb:1   | Killed a royal mummy
 50989 | Tomb:1   | Noticed a royal mummy
 51014 | Tomb:1   | Killed a royal mummy
 51057 | Tomb:1   | Noticed a royal mummy
 51073 | Tomb:1   | Killed a royal mummy
 51208 | Tomb:3   | Entered Level 3 of the Tomb of the Ancients
 51237 | Tomb:3   | Noticed a royal mummy
 51241 | Tomb:3   | Noticed a royal mummy
 51245 | Tomb:3   | Noticed a royal mummy
 51247 | Tomb:3   | Killed a royal mummy
 51247 | Tomb:3   | Killed a royal mummy
 51254 | Tomb:3   | Mangled by a bennu

Illustrated notes

Levels and vault maps discovered:
D:1:      saegor_arrival_under_anarchy, layout_loops_ring,
          shapermc_ecumenical_altar_notcrosses, minmay_gold_behind_fungi,
          minmay_split_cup_small
D:2:      layout_basic, serial_shops, nicolae_shop_competitors_out_of_business,
          serial_forest, infiniplex_forest_clump_small,
          infiniplex_forest_clump_tiny, infiniplex_forest_lined_ring,
          infiniplex_forest_clump_small, uniq_terence
D:3:      layout_rooms
D:4:      layout_rooms, minmay_temple_entry_grid, nicolae_underground_beach,
          uniq_sigmund, uniq_robin
D:5:      layout_cave_pools, nicolae_figureground_sparkle,
          uniq_crazy_yiuf_cottage
D:6:      layout_loops_cross
D:7:      layout_rooms, st_stairs_9, uniq_prince_ribbit1
D:8:      gammafunk_beogh_shrine, layout_basic, trog_wizard,
          erik_lair_orcish_takeover, minivault_1, hellmonk_bongcloud_opening
D:9:      minmay_slanted_spiral_squares, layout_gridville, gammafunk_ghost_grave
D:10:     layout_long_grid, ebering_ghost_rock_garden, serial_rivers,
          chequers_serial_rivers_small_b, chequers_serial_rivers_small_3,
          chequers_serial_rivers_small_3, chequers_serial_rivers_micro_b,
          chequers_serial_rivers_micro_c, chequers_serial_rivers_micro_d, pond,
          uniq_maurice, uniq_sonja
D:11:     layout_roguey, orc_0_dummy, enter_trove_6, kb_rosetta, uniq_harold,
          uniq_urug
D:12:     layout_loops_ring, uniq_jorgrun
D:13:     layout_loops_ring, hangedman_devilish_allure, uniq_josephine
D:14:     layout_loops_ring, erik_vaults_1, fedhas_altar_3, serial_shops,
          nicolae_shop_behind_doors
D:15:     hangedman_depths_entry_civil_slaughter, layout_layer_cave,
          yredelemnul_altar_generic, chequers_serial_rivers_micro_b,
          minivault_11, vehumet_statue
Temple:   mainiacjoe_temple_starburst
Lair:1:   layout_big_grid, minmay_shattered_shrine
Lair:2:   cheibrodos_lair_river_kwai, layout_small_grid,
          guppyfry_snake_entry_island, eino_house_with_fridge
Lair:3:   layout_gridlike, minmay_swamp_entry_worms, portal_ice_cave_entry_imps,
          st_stairs_8
Lair:4:   layout_long_grid, slime_entry_1, grunt_megastairs_2
Lair:5:   minmay_lair_end_frog_pond, layout_gridlike, special_room
          [special_room_jelly]
Swamp:1:  layout_basic_swamp, serial_swamp_ruin, evilmike_swamp_ruin_house_1,
          evilmike_swamp_ruin_house_4, swamp_pool5,
          nicolae_swamp_stuck_in_the_mud, infiniplex_staircase_pool
Swamp:2:  layout_basic_swamp, evilmike_swamp_ruin_house_3
Swamp:3:  layout_falls_marsh, nicolae_swamp_triple_paths, swamp_pool2,
          nicolae_swamp_wisp_ring_woods
Swamp:4:  swamp_vile, layout_basic_swamp, swamp_pool1
Snake:1:  layout_grid_maze, serial_bayou_shore_b
Snake:2:  layout_gridlike, basic_altar, nicolae_integral_box
Snake:3:  layout_rooms, serial_shops, nicolae_shop_competitors_out_of_business,
          minmay_shop_grove
Snake:4:  grunt_snake_rune_serpentine_throne, layout_misc_corridors,
          basic_altar, uniq_aizul, uniq_saint_roka, uniq_vashnia
Slime:1:  layout_caves
Slime:2:  layout_caves
Slime:3:  cheibrodos_slime_lost_civilization_1, layout_caves
Slime:4:  layout_caves
Slime:5
Orc:1:    layout_caves, basic_altar
Orc:2:    grunt_orc_cross, layout_caves, ebering_ghost_gozag, serial_shops,
          nicolae_shop_crystal
Elf:1:    eino_elf_arrival_sip, layout_geoelf_grid, orc_legates
Elf:2:    elven_hall_of_blades_hangedman_original
          [nicolae_blade_entry_floor_patterns], layout_gridlike, serial_shops,
          shop, minmay_shoptagon
Elf:3:    minmay_elf_hall_not_hex, layout_loops_cross, serial_shops,
          nicolae_diamond_shop, minmay_shop_star
Vaults:1: st_lattice, v_misc_32, hangedman_vaults_slice, v_misc_8,
          nicolae_vaults_network_square, v_alt_pattern_1,
          hangedman_vaults_cutoff, v_rooms_2, v_rooms_3,
          ontoclasm_vaults_gateway, layout_vaults_omnibox, serial_shops,
          nicolae_shop_competitors_out_of_business
Vaults:2: infiniplex_enter_wizlab_water, nicolae_vaults_ninety_degrees,
          v_misc_3, vaults_room_octagon, v_misc_2, nicolae_vaults_display_case,
          ontoclasm_vaults_hangar, dpeg_vaults_monster_box,
          nicolae_vaults_angled_halls, v_rooms_1, hangedman_vaults_corner,
          layout_vaults_maze, uniq_nikola
Vaults:3: minmay_crypt_entry_simple_round, ontoclasm_vaults_misaligned,
          nicolae_vaults_ring_of_whatevers,
          vaults_room_grunt_arrival_checkpoint,
          nicolae_vaults_mini_display_case, layout_vaults_big_room
Vaults:4: v_misc_13, nicolae_vaults_little_squares_4,
          nicolae_vaults_little_squares_3, vaults_dpeg_spiral, v_misc_18,
          vaults_room_pools, v_misc_4, layout_vaults_quadrants, serial_shops,
          shop
Vaults:5: serial_shops
Crypt:1:  layout_rooms, hellmonk_ghost_happy_afterlife, grunt_ministairs_11,
          nrook_guardian_serpent_ordinary
Crypt:2:  layout_gridlike, roderic_lattice_octagonal_star
Crypt:3:  quadcrypt_mu, uniq_sojobo
Tomb:1
Tomb:2
Tomb:3
Depths:1: layout_basic, grunt_mini_vestibule, kennysheep_cross_room,
          serial_shops, nicolae_shop_advertising_works
          [nicolae_subvault_shop_adworks], xom_teletrap_fun, grunt_megastairs_1,
          uniq_asterion
Depths:2: nicolae_terramorphic_expanse [nicolae_terramorphic_quarter,
          nicolae_terramorphic_quarter, nicolae_terramorphic_quarter,
          nicolae_terramorphic_quarter, nicolae_terramorphic_quarter,
          nicolae_terramorphic_biome, nicolae_terramorphic_biome,
          nicolae_terramorphic_biome, nicolae_terramorphic_biome],
          layout_long_grid, rand_demon_pan_entry_5, dreamdust_wishing_well,
          special_room [special_room_mythical_zoo], abyss_entry, serial_shops,
          nicolae_inconvenience_store, hell_entry, minmay_misc_feat_hallway,
          minivault_16
Depths:3: dreamdust_tengu_aerie, layout_gridville, enter_ziggurat_e,
          minmay_misc_feat_cross, abyss_entry, pf_hell_entry_great_geh,
          serial_shops, shop
Depths:4: grunt_zot_entry_alcove, layout_basic, pf_hell_entry_tar_river

Skill      XL: |  1  2  3  4  5  6  7  8  9 10 11 12 13 14 15 16 17 18 19 20 21 22 23 24 25 26 |
---------------+-------------------------------------------------------------------------------+-----
Short Blades   | 1 2 3 |  3.8
Conjurations   | 2 |  2.4
Dodging        | 2 3 4 5 6 7 |  7.0
Fighting       | 1 2 3 5 6 8 9 10 12 13 14 16 17 18 19 | 19.1
Maces & Flails | 2 3 5 6 |  6.7
Stealth        | 2 3 |  3.0
Translocations | 1 2 4 5 |  5.2
Unarmed Combat | 2 3 4 5 7 |  7.1
Invocations    | 2 4 6 10 11 | 11.7
Evocations     | 1 2 |  2.3
Necromancy     | 4 6 9 11 12 14 16 18 | 18.1
Earth Magic    | 3 5 7 8 |  8.0
Axes           | 4 8 9 11 14 15 17 | 17.5
Spellcasting   | 4 7 9 10 11 13 14 15 | 15.0
Shields        | 5 9 12 14 16 17 | 17.2
Transmutations | 7 11 13 14 15 | 15.0
Fire Magic     | 5 9 14 | 14.3
Summonings     | |  1.0

Action                   |  1- 3 |  4- 6 |  7- 9 | 10-12 | 13-15 | 16-18 | 19-21 | 22-24 | 25-27 || total
-------------------------+-------+-------+-------+-------+-------+-------+-------+-------+-------++-------
Melee: Dagger            |   143 |    23 |       |       |       |       |       |       |       ||   166
       Punch             |     1 |     1 |     7 |    18 |    46 |    10 |       |       |       ||    83
       Flail             |       |   110 |   259 |   364 |  1039 |   116 |       |       |       ||  1888
       Touch             |       |       |    48 |    99 |   273 |    69 |       |       |       ||   489
       Broad axe         |       |       |       |    20 |    22 |  1241 |  1302 |  1365 |   981 ||  4931
       Unarmed           |       |       |       |    17 |       |       |       |       |       ||    17
       Kick              |       |       |       |       |       |       |       |   107 |    52 ||   159
 Cast: Magic Dart        |    53 |    21 |    21 |     8 |       |       |       |       |       ||   103
       Blink             |       |     1 |     2 |     1 |     3 |     2 |       |       |       ||     9
       Borgnjor's Vile C |       |       |       |    25 |    64 |    92 |    18 |     3 |    18 ||   220
       Apportation       |       |       |       |       |     5 |       |       |       |       ||     5
       Statue Form       |       |       |       |       |       |       |    31 |    27 |     9 ||    67
       Necromutation     |       |       |       |       |       |       |       |     6 |    15 ||    21
       Ignition          |       |       |       |       |       |       |       |       |     2 ||     2
Invok: Slouch            |       |       |       |     4 |     6 |    11 |       |     3 |     3 ||    27
       Bend Time         |       |       |       |     1 |       |       |       |       |       ||     1
       Step From Time    |       |       |       |       |       |     5 |       |     1 |     3 ||     9
Evoke: Wand              |       |       |       |    10 |     2 |     2 |       |       |     1 ||    15
       Tin of tremorston |       |       |       |       |     2 |     4 |       |     2 |     2 ||    10
       Condenser vane    |       |       |       |       |       |       |     1 |     1 |     2 ||     4
  Use: Scroll            |     3 |     2 |     7 |    10 |    16 |    14 |     6 |     6 |     9 ||    73
       Potion            |       |       |       |     4 |     1 |     7 |       |     5 |       ||    17
 Stab: Sleeping          |     9 |     1 |     5 |     5 |    13 |    18 |    11 |     7 |     6 ||    75
       Distracted        |       |     1 |       |       |       |     4 |     3 |     5 |     3 ||    16
       Petrified         |       |       |       |     4 |       |       |       |       |       ||     4
       Invisible         |       |       |       |       |       |     3 |       |       |       ||     3
       Confused          |       |       |       |       |       |       |     4 |       |       ||     4
Armor: Robe              |    17 |     1 |       |       |       |       |       |       |       ||    18
       Animal skin       |       |    38 |    14 |       |       |       |       |       |       ||    52
       Steam dragon scal |       |       |    69 |   127 |   250 |       |       |       |       ||   446
       Troll leather arm |       |       |       |       |     3 |   241 |    86 |   127 |   298 ||   755
       Skin              |       |       |       |       |       |       |   297 |   360 |    40 ||   697
Dodge: Dodged            |    87 |    89 |   245 |   498 |  1313 |   837 |   516 |   799 |   614 ||  4998
Block: Other             |     4 |    30 |    63 |   110 |   380 |    90 |       |       |       ||   677
       Buckler           |       |       |       |       |       |   435 |       |       |       ||   435
       Kite shield       |       |       |       |       |       |   809 |  1696 |  1989 |  1539 ||  6033

Table legend: (Time is in decaauts)
 A = Elapsed time spent in this place.
 B = Non-inter-level travel time spent in this place.
 C = Inter-level travel time spent in this place.
 D = Time resting spent in this place.
 E = Time spent auto-exploring this place.
 F = Levels seen in this place.
 G = Mean time per level.
                   A        B        C        D        E       F      G
               +--------+--------+--------+--------+--------+-----+--------+
         Total |  81337 |  72733 |   8604 |    785 |  55244 |  57 | 1427.0 |
       Dungeon |  23169 |  20241 |   2928 |    478 |  16337 |  15 | 1544.6 |
        Temple |    309 |    239 |     70 |      0 |    232 |   1 |  309.0 |
          Lair |   9012 |   7296 |   1716 |     20 |   5602 |   5 | 1802.4 |
         Swamp |   4872 |   4630 |    242 |      0 |   3665 |   4 | 1218.0 |
     Snake Pit |   7591 |   7198 |    393 |    142 |   5096 |   4 | 1897.8 |
    Slime Pits |    891 |    733 |    158 |    116 |     67 |   5 |  178.2 |
  Orcish Mines |   2765 |   2252 |    513 |      0 |   1718 |   2 | 1382.5 |
   Elven Halls |   5387 |   4839 |    548 |     29 |   3844 |   3 | 1795.7 |
        Vaults |   9847 |   8963 |    884 |      0 |   6785 |   5 | 1969.4 |
         Crypt |   5435 |   5129 |    306 |      0 |   4031 |   3 | 1811.7 |
          Tomb |   3256 |   2885 |    371 |      0 |   1870 |   3 | 1085.3 |
        Depths |   6864 |   6394 |    470 |      0 |   4992 |   4 | 1716.0 |
         Trove |    120 |    120 |      0 |      0 |     61 |   1 |  120.0 |
      Ice Cave |    895 |    895 |      0 |      0 |    521 |   1 |  895.0 |
        Wizlab |    919 |    919 |      0 |      0 |    419 |   1 |  919.0 |
               +--------+--------+--------+--------+--------+-----+--------+

Top non-repeatable levels by time:
    D:15: 2959 daAuts
 Crypt:3: 2780 daAuts
     D:9: 2754 daAuts
   Elf:1: 2388 daAuts
Vaults:5: 2369 daAuts
Vaults:4: 2363 daAuts
Vaults:2: 2346 daAuts
 Snake:1: 2324 daAuts
  Lair:2: 2320 daAuts
 Snake:4: 2298 daAuts
  Tomb:1: 2269 daAuts
Depths:2: 2199 daAuts
     D:8: 2169 daAuts
    D:11: 2072 daAuts
 Snake:2: 2015 daAuts
